 Dungeon Crawl Stone Soup version 0.31-a0-204-g7da18cac08 (webtiles) character file.

Game seed: 3987503386373414515

20881 ragingrage the Severer (level 13, -8/93 HPs)
             Began as a Formicid Artificer on June 28, 2023.
             Was a High Priest of Okawaru.
             Mangled by Rupert
             ... wielding a +1 great mace of venom
              (24 damage)
             ... on level 3 of the Lair of Beasts.
             The game lasted 00:18:28 (17881 turns).

ragingrage the Severer (Formicid Artificer)        Turns: 17881, Time: 00:18:29

Health: -8/93      AC: 20    Str: 20    XL:     13   Next: 15%
Magic:  16/16      EV: 14    Int: 11    God:    Okawaru [*****.]
Gold:   299        SH:  5    Dex: 16    Spells: 12/12 levels left

rFire   . . .        a - +2 hand axe (elec)
rCold   + . .        g - orb {light}
rNeg    . . .        K - +1 chain mail {rC+}
rPois   .            (helmet unavailable)
rElec   .            r - +2 cloak
rCorr   .            w - +0 pair of gloves
SInv    +            (no boots)
Will    +....        Q - amulet of reflection Stlth
                     f - +5 ring of evasion
HPRegen 0.35/turn    o - +4 ring of protection
MPRegen 0.15/turn

%: reflection
@: glowing
A: permanent stasis, dig shafts and tunnels, antennae 3, four strong arms
a: Dig, Shaft Self, Renounce Religion, Heroism, Finesse, Duel


You were on level 3 of the Lair of Beasts.
You worshipped Okawaru.
Okawaru was extremely pleased with you.
You visited 3 branches of the dungeon, and saw 14 of its levels.

You collected 734 gold pieces.
You spent 435 gold pieces at shops.

Inventory:

Hand Weapons
 a - a +2 hand axe of electrocution (weapon)
 e - a +0 war axe of freezing
 q - a +3 scimitar of flaming
 s - the +0 executioner's axe of Yesterday {venom, Fly}
   (You bought it in a shop on level 8 of the Dungeon)

   Fly:       It grants you flight.
Missiles
 b - 3 javelins
 F - a boomerang
 H - 10 poisoned darts (quivered)
Armour
 g - an orb of light (worn)
 r - a +2 cloak (worn)
 v - the +3 leather armour of Tommou {rCorr Stlth+}
   (You found it on level 3 of the Dungeon)

   rCorr:     It protects you from acid and corrosion.
   Stlth:     It makes you more stealthy.
 w - a +0 pair of gloves (worn)
 J - a +1 ring mail of willpower
 K - a +1 chain mail of cold resistance (worn)
Jewellery
 f - a +5 ring of evasion (left hand)
 j - a ring of willpower
 o - a +4 ring of protection (right hand)
 G - an amulet of regeneration
 Q - an amulet of reflection (around neck)
Wands
 c - a wand of flame (6)
 u - a wand of mindburst (3)
 y - a wand of polymorph (9)
Scrolls
 d - a scroll of noise {unknown}
 h - 2 scrolls of silence {unknown}
 i - a scroll of fog {unknown}
 l - a scroll of revelation {unknown}
 m - 2 scrolls of vulnerability {unknown}
 t - a scroll of amnesia {unknown}
 z - 3 scrolls of immolation
 A - 3 scrolls of enchant weapon
 B - 2 scrolls of fear {unknown}
 D - 2 scrolls of poison
 E - a scroll of torment {unknown}
 I - a scroll of brand weapon {unknown}
 L - a scroll of enchant armour {unknown}
Potions
 k - 2 potions of mutation
 n - 3 potions of curing
 p - 3 potions of lignification
 x - 2 potions of heal wounds
 C - a potion of brilliance
 M - a potion of cancellation
 N - 2 potions of attraction
 O - a potion of ambrosia
 S - a potion of might


   Skills:
 + Level 5.9 Fighting
 - Level 16.6 Axes
 - Level 1.0 Ranged Weapons
 - Level 6.0 Throwing
 + Level 8.1 Armour
 - Level 2.9 Dodging
 - Level 2.4 Stealth
 - Level 5.0 Invocations
 - Level 4.1 Evocations


You had 12 spell levels left.
You didn't know any spells.
Your spell library contained the following spells:

 Spells                   Type           Power      Damage    Failure   Level
 Apportation              Tloc           0%         N/A       91%         1
 Kiss of Death            Conj/Necr      0%         2d5       91%         1
 Necrotise                Necr           0%         1d4       91%         1
 Static Discharge         Conj/Air       0%         2-2/arc   97%         2
 Confusing Touch          Hex            0%         N/A       100%        3
 Portal Projectile        Hex/Tloc       0%         N/A       100%        3
 Volatile Blastmotes      Fire/Tloc      0%         2d10      100%        3
 Airstrike                Air            0%         2d(0-16)  100%        4
 Dispel Undead            Necr           0%         3d6       100%        4
 Fulminant Prism          Conj/Hex       0%         3d5       100%        4
 Iskenderun's Mystic Bla  Conj/Tloc      0%         2d3       100%        4
 Manifold Assault         Tloc           0%         N/A       100%        4
 Petrify                  Tmut/Erth      0%         N/A       100%        4
 Arcjolt                  Conj/Air       0%         1d10      100%        5
 Blade Hands              Tmut           0%         N/A       100%        5
 Lee's Rapid Deconstruct  Erth           0%         3d4*      100%        5
 Metabolic Englaciation   Hex/Ice        0%         N/A       100%        5
 Statue Form              Tmut/Erth      0%         N/A       100%        6
 Storm Form               Tmut/Air       0%         N/A       100%        7
 Maxwell's Capacitive Co  Air            0%         ∞         100%        8
 Summon Small Mammal      Summ           Unusable   N/A       N/A         1
 Blink                    Tloc           Unusable   N/A       N/A         2
 Tukima's Dance           Hex            Unusable   N/A       N/A         3
 Vhi's Electric Charge    Tloc/Air       Unusable   N/A       N/A         3
 Summon Lightning Spire   Summ/Air       Unusable   N/A       N/A         4

Dungeon Overview and Level Annotations

Branches:
Dungeon (10/15)            Temple (1/1) D:5            Lair (3/5) D:9
  Swamp (0/4) Lair:2       Spider (0/4) Lair:3          Orc (0/2) D:9

Altars:
Ashenzari
Cheibriados
Dithmenos
Elyvilon
Fedhas
Gozag
Hepliaklqana
Kikubaaqudgha
Makhleb
Nemelex Xobeh
Okawaru
Qazlal
Ru
Sif Muna
Trog
Uskayaw
Vehumet
Wu Jian
Xom
Yredelemnul
Zin
The Shining One

Shops:
D:8 **

Annotations:
D:7 1 runed translucent door, exclusion: hornet, Crazy Yiuf
D:9 1 runed translucent door, bakla's ghost, novice DsBr
Lair:2 2 transporters, CoordinateN's ghost, journeyman MiBe
Lair:3 1 transporter, Rupert


Innate Abilities, Weirdness & Mutations

You cannot be hasted, slowed, berserked, paralysed or teleported.
You can dig through walls and to a lower floor.
You have a pair of large antennae on your head. (SInv)
Your four strong arms can wield two-handed weapons with a shield.


Message History

Rupert looks as sick as possible!
Rupert closely misses you.
You hit Rupert but do no damage.
Rupert is engulfed in poison gas.
Rupert looks as sick as possible!
Rupert hits you with a +1 great mace of venom!!
You completely miss Rupert.
Rupert is engulfed in poison gas.
Rupert looks as sick as possible!
Rupert hits you with a +1 great mace of venom!
You slash Rupert!
Rupert is engulfed in poison gas.
Rupert looks as sick as possible!
Rupert barely misses you.
You hit Rupert but do no damage.
Rupert is engulfed in poison gas.
Rupert looks as sick as possible!
Rupert hits you with a +1 great mace of venom!!
You are poisoned.
You slash Rupert!
You feel very sick.
Rupert is engulfed in poison gas.
Rupert looks as sick as possible!
Rupert hits you with a +1 great mace of venom!!
* * * LOW HITPOINT WARNING * * *
You are lethally poisoned!
Unknown command.
You feel better.
Rupert is engulfed in poison gas.
Rupert looks as sick as possible!
Rupert closely misses you.
Unknown command.
You barely miss Rupert.
Rupert is engulfed in poison gas.
Rupert looks as sick as possible!
Rupert closely misses you.
You hit Rupert but do no damage.
Rupert hits you with a +1 great mace of venom!!
* * * LOW HITPOINT WARNING * * *
You are lethally poisoned!
Unknown command.
You feel better. You block Rupert's attack.
Unknown command.
Okay, then.
Okay, then.
Okay, then.
Okay, then.
Okay, then.
You hit Rupert.
Rupert hits you with a +1 great mace of venom!!
You die...

#..............##
#.#####...###.#
........#○.°○○○# #### #...# #
...##..###○.°..####.☼####...#
..[##.####○.☼°..°.°...○......
.........☼..°☼..°☼○☼.°○☼
.....
.........○☼☼☼○..○°○°°.°.
..........○°○..°.☼°○.☼☼.
....#..#.#.P#.°.○°P.#
...#######P...<#@#..# ...#
###...##@°☼.○°. ...# ##..#
°☼○.☼.☼ ... ...P#(.°○☼○. (
##...#°°○.°.. . ...##.☼°.°.☼
#..# .°°.... °.°...○ .


You could see Rupert (berserk, extremely poisoned).

Vanquished Creatures
  A hydra (Lair:3)
  Erica (D:9)
  A catoblepas (Lair:1)
  2 bog bodies (Lair:2)
  An oklob plant (Lair:2)
  3 black mambas
  5 elephants (Lair:3)
  5 cane toads
  3 komodo dragons
  A rime drake (Lair:3)
  2 polar bears
  A troll (D:9)
  Grinder (D:3)
  4 culicivoras (Lair:3)
  A vampire (D:10)
  2 steam dragons
  27 yaks
  Eustachio (D:5)
  3 basilisks
  Grum (Lair:1)
  5 wyverns
  2 acid dragons (D:9)
  8 water moccasins
  3 orc warriors
  A swamp drake (D:9)
  A black bear (D:4)
  2 sky beasts
  An ogre (D:9)
  9 wolves
  A centaur (D:9)
  A gnoll sergeant (D:9)
  Blork the orc (D:6)
  10 bullfrogs
  6 scorpions
  4 wights
  7 killer bees
  3 howler monkeys
  A jelly (D:6)
  3 hounds (D:5)
  7 orc priests
  A gnoll bouda (D:8)
  An iron imp (D:6)
  A sleepcap (D:5)
  3 iguanas
  11 orc wizards
  4 hell rats (Lair:2)
  10 gnolls
  9 adders
  A shadow imp (D:6)
  4 white imps
  2 dart slugs
  41 orcs
  3 endoplasms
  A giant cockroach (D:2)
  10 hobgoblins
  2 jackals (D:2)
  6 kobolds
  3 quokkas
  4 ball pythons
  2 bats (D:2)
  2 frilled lizards (D:2)
  2 goblins (D:2)
  A goblin skeleton (D:6)
  3 goblin zombies (D:6)
  2 hobgoblin zombies (D:6)
  An orc skeleton (D:6)
  2 rats
274 creatures vanquished.

Vanquished Creatures (collateral kills)
  Dowan (D:6)
  2 gnolls (D:8)
  An adder (D:6)
4 creatures vanquished.

Vanquished Creatures (others)
  Duvessa (D:6)
  A bullfrog (D:8)
  An orc (D:9)
3 creatures vanquished.

Grand Total: 281 creatures vanquished

Notes
Turn   | Place    | Note
-------+----------+-------------------------------------------
     0 | D:1      | ragingrage the Formicid Artificer began the quest for the
                  | Orb.
     0 | D:1      | Reached XP level 1. HP: 15/15 MP: 1/1
   111 | D:1      | Reached XP level 2. HP: 21/21 MP: 2/2
   822 | D:1      | Reached XP level 3. HP: 21/26 MP: 3/3
   913 | D:1      | Found a faded altar of an unknown god.
  1280 | D:2      | Reached XP level 4. HP: 14/33 MP: 4/4
  1383 | D:2      | Reached skill level 1 in Ranged Weapons
  1815 | D:3      | Noticed Grinder
  1876 | D:3      | Reached skill level 1 in Axes
  1976 | D:3      | Identified the +3 leather armour of Tommou {rCorr Stlth+}
  2176 | D:3      | Reached skill level 2 in Axes
  2176 | D:3      | Reached XP level 5. HP: 27/38 MP: 5/5
  2275 | D:4      | Noticed a sky beast
  2454 | D:3      | Killed Grinder
  2455 | D:3      | Reached skill level 4 in Axes
  2455 | D:3      | Reached XP level 6. HP: 14/44 MP: 6/6
  2663 | D:3      | Found a blossoming altar of Fedhas.
  2664 | D:3      | Found an ancient bone altar of Kikubaaqudgha.
  2917 | D:4      | Noticed a black bear
  2928 | D:3      | Reached skill level 5 in Axes
  2935 | D:4      | Killed a black bear
  2936 | D:4      | Reached XP level 7. HP: 40/50 MP: 7/7
  3076 | D:4      | Reached skill level 6 in Axes
  3440 | D:4      | Found a sacrificial altar of Ru.
  3649 | D:5      | Entered Level 5 of the Dungeon
  3751 | D:5      | Reached skill level 7 in Axes
  3777 | D:5      | Reached XP level 8. HP: 50/56 MP: 8/8
  3871 | D:5      | Noticed Eustachio
  3877 | D:5      | Killed Eustachio
  3913 | D:5      | Found an opulent altar of Gozag.
  3946 | D:5      | Reached skill level 8 in Axes
  4294 | D:5      | Found a staircase to the Ecumenical Temple.
  4299 | Temple   | Entered the Ecumenical Temple
  4501 | D:6      | Found a glowing golden altar of the Shining One.
  4545 | D:6      | Reached skill level 9 in Axes
  4760 | D:6      | Found a hazy altar of Hepliaklqana.
  4928 | D:6      | Noticed Blork the orc
  4938 | D:6      | Killed Blork the orc
  4993 | D:6      | Reached XP level 9. HP: 61/61 MP: 9/9
  5048 | D:6      | Identified the +6 long sword "Zinarri" {spect, rC+ Stlth+}
  5180 | D:6      | Reached skill level 10 in Axes
  5270 | D:6      | Noticed Dowan
  5271 | D:6      | Noticed Duvessa
  5280 | D:6      | Killed Dowan
  5294 | D:6      | Your ally Duvessa died
  5309 | D:6      | Found a glowing silver altar of Zin.
  5700 | D:7      | Reached skill level 11 in Axes
  5764 | D:7      | Noticed a hornet
  5858 | D:7      | Found a bloodstained altar of Trog.
  5987 | D:7      | Found a runed translucent door.
  5988 | D:7      | Noticed Crazy Yiuf
  7455 | D:8      | Found a snail-covered altar of Cheibriados.
  7497 | D:8      | Identified the +6 dagger of the Lurker {freeze, rPois rF+
                  | MP+9 Dex+2}
  7748 | D:8      | Found Ymout's General Store.
  7951 | D:8      | Found Ea-nāṣir's Fine Metal Goods.
  8007 | D:8      | Reached skill level 12 in Axes
  8185 | D:8      | Found an iron altar of Okawaru.
  8206 | D:8      | Became a worshipper of Warmaster Okawaru
  8292 | D:8      | Reached XP level 10. HP: 48/67 MP: 10/10
  8692 | D:9      | Noticed Erica
  8711 | D:9      | Killed Erica
  8711 | D:9      | Reached * piety under Okawaru
  8712 | D:9      | Reached skill level 13 in Axes
  8837 | D:9      | Noticed bakla's ghost (novice DsBr)
  9075 | D:9      | Reached skill level 14 in Axes
  9078 | D:9      | Reached ** piety under Okawaru
  9326 | D:9      | Found a runed translucent door.
  9598 | D:9      | Found a stormy altar of Qazlal.
  9601 | D:9      | Found a burning altar of Makhleb.
  9927 | D:9      | Found a staircase to the Orcish Mines.
 10210 | D:8      | Bought a translucent executioner's axe for 435 gold pieces
 10210 | D:8      | Identified the +0 executioner's axe of Yesterday {venom,
                  | Fly} (You bought it in a shop on level 8 of the Dungeon)
 10494 | D:9      | Reached XP level 11. HP: 64/72 MP: 11/11
 10688 | D:9      | Found a staircase to the Lair.
 10769 | D:10     | Entered Level 10 of the Dungeon
 10780 | D:9      | Reached skill level 15 in Axes
 10897 | D:9      | Reached *** piety under Okawaru
 11343 | D:10     | Found a sparkling altar of Nemelex Xobeh.
 11365 | D:10     | Found a hide-covered altar of Uskayaw.
 12029 | Lair:1   | Entered Level 1 of the Lair of Beasts
 12046 | D:9      | Reached skill level 16 in Axes
 12283 | Lair:1   | Noticed Grum
 12330 | Lair:1   | Killed Grum
 12497 | Lair:1   | Reached **** piety under Okawaru
 12775 | Lair:1   | Reached skill level 1 in Dodging
 12801 | Lair:1   | Reached skill level 1 in Throwing
 12801 | Lair:1   | Reached skill level 1 in Invocations
 12842 | Lair:1   | Noticed a catoblepas
 13166 | Lair:1   | Killed a catoblepas
 13525 | Lair:1   | Reached XP level 12. HP: 37/81 MP: 13/13
 13808 | Lair:1   | Reached ***** piety under Okawaru
 14306 | Lair:2   | Found a blossoming altar of Fedhas.
 15258 | Lair:2   | Found a staircase to the Swamp.
 15270 | Lair:2   | Reached skill level 5 in Fighting
 15270 | Lair:2   | Reached skill level 5 in Armour
 15377 | Lair:2   | Reached skill level 5 in Invocations
 16000 | Lair:2   | Noticed CoordinateN's ghost (journeyman MiBe)
 16006 | Lair:2   | Found a bloodstained altar of Trog.
 16013 | Lair:2   | Found a transporter.
 16021 | Lair:2   | Found a transporter.
 16054 | Lair:2   | Noticed a spriggan rider
 16285 | Lair:3   | Reached skill level 5 in Throwing
 16512 | Lair:3   | Found a transporter.
 16513 | Lair:3   | Noticed an eight-headed hydra
 16532 | Lair:3   | Killed a two-headed hydra
 17412 | Lair:3   | Reached XP level 13. HP: 81/91 MP: 16/16
 17507 | Lair:3   | Received a gift from Okawaru
 17638 | Lair:3   | Found a hole to the Spider Nest.
 17859 | Lair:3   | Noticed Rupert
 17881 | Lair:3   | Mangled by Rupert

Illustrated notes

Levels and vault maps discovered:
D:1:      lightli_arrival_isolated_outpost, layout_basic,
          dreamdust_ecumenical_altar_hidden_monk_grotto,
          serial_co_window_serial, co_window_corner_a, co_window_paths_a,
          co_window_of_opportunity_a, co_window_corner_a, co_window_paths_b,
          co_window_of_opportunity_b, co_window_2corner, co_window_cross_2,
          co_window_corner_b, co_window_corner_b, co_window_unsneaky_path_a,
          co_window_paths_e, glass_columns_a, glass_columns_b, glass_columns_b,
          glass_columns_b
D:2:      layout_basic
D:3:      layout_loops_ring, grunt_temple_overflow_growth_and_decay,
          uniq_grinder
D:4:      layout_rooms, mainiacjoe_overflow_boulevard
D:5:      layout_basic, lemuel_doored_altar, minmay_temple_entry_glassed_door,
          kennysheep_cluttered_room, uniq_eustachio
D:6:      layout_basic, general_overflow_altar, zin_treasury,
          nicolae_tso_besieged_by_evil, uniq_blork_the_orc, uniq_duvessa
D:7:      layout_basic, mainiacjoe_overflow_surrounded_room,
          uniq_crazy_yiuf_cottage
D:8:      layout_rooms, kennysheep_mini, okawaru_altar_gauntlet_db,
          serial_shops, shop, nicolae_ea-nasir_strikes_again
D:9:      minmay_evil_eye, layout_basic, minitemple, erik_lair_dragon,
          erik_orc_1, serial_rivers, chequers_serial_rivers_micro_b,
          chequers_serial_rivers_micro_d, chequers_serial_rivers_small_b,
          chequers_serial_rivers_micro_e, hellmonk_ghost_big_iron, uniq_erica
D:10:     layout_long_grid, kennysheep_mini_moat, mainiacjoe_overflow_brackets,
          roderic_serpentine_path, feat_on_display
Temple:   nicolae_temple_ecumenical_triangle
Lair:1:   layout_cave_pods, uniq_grum
Lair:2:   layout_loops_ring, skrybe_swamp_entry_bodies,
          gammafunk_ghost_wrathful_warriors, tgw_fedhas
Lair:3:   gammafunk_worm_tunnel, layout_regular_city,
          hellmonk_spider_entry_life_and_decay, nicolae_quartered_pool_little,
          uniq_rupert, uniq_sonja

Skill      XL: |  1  2  3  4  5  6  7  8  9 10 11 12 13 |
---------------+----------------------------------------+-----
Evocations     | 4 |  4.1
Stealth        | 2 |  2.4
Fighting       | 2 3 5 |  5.9
Ranged Weapons | 1 |  1.0
Axes           | 2 4 5 7 9 12 14 16 | 16.6
Dodging        | 2 |  2.9
Throwing       | 2 6 |  6.0
Invocations    | 2 5 |  5.0
Armour         | 3 7 8 |  8.1

Action                     |  1- 3 |  4- 6 |  7- 9 | 10-12 | 13-15 || total
---------------------------+-------+-------+-------+-------+-------++-------
  Melee: Club              |    68 |       |       |       |       ||    68
         Short sword       |    18 |       |       |       |       ||    18
         Punch             |     1 |       |       |       |       ||     1
         Hand axe          |       |    73 |   321 |   672 |    56 ||  1122
         War axe           |       |       |       |     3 |       ||     3
         Scimitar          |       |       |       |     7 |       ||     7
   Fire: Sling             |    11 |     5 |       |       |       ||    16
  Throw: Dart              |       |       |       |    52 |     6 ||    58
         Throwing net      |       |       |       |     1 |       ||     1
 Invoke: Heroism           |       |       |       |     2 |       ||     2
Ability: Dig               |       |       |     1 |     1 |       ||     2
  Evoke: Wand              |     4 |     2 |     6 |     9 |     2 ||    23
    Use: Scroll            |       |     4 |     5 |     5 |     1 ||    15
         Potion            |       |     3 |     1 |     2 |     2 ||     8
   Stab: Sleeping          |       |     3 |       |       |       ||     3
         Held in net/web   |       |       |       |     2 |       ||     2
 Armour: Leather armour    |     5 |    20 |    64 |     2 |       ||    91
         Ring mail         |    56 |     8 |       |    81 |       ||   145
         Skin              |       |     7 |       |       |       ||     7
         Chain mail        |       |       |    48 |   122 |    14 ||   184
  Dodge: Dodged            |    66 |    45 |   126 |   191 |    24 ||   452
  Block: Orb               |       |       |       |    53 |     6 ||    59

Table legend: (Time is in decaauts)
 A = Elapsed time spent in this place.
 B = Non-inter-level travel time spent in this place.
 C = Inter-level travel time spent in this place.
 D = Time resting spent in this place.
 E = Time spent auto-exploring this place.
 F = Levels seen in this place.
 G = Mean time per level.
                   A        B        C        D        E       F      G
               +--------+--------+--------+--------+--------+-----+--------+
         Total |  17566 |  16408 |   1158 |   5252 |   8294 |  14 | 1254.7 |
       Dungeon |  12041 |  11057 |    984 |   2898 |   6187 |  10 | 1204.1 |
        Temple |     43 |     25 |     18 |      0 |     19 |   1 |   43.0 |
          Lair |   5480 |   5325 |    155 |   2354 |   2088 |   3 | 1826.7 |
               +--------+--------+--------+--------+--------+-----+--------+

Top non-repeatable levels by time:
     D:9: 2733 daAuts
  Lair:1: 2003 daAuts
  Lair:2: 1896 daAuts
  Lair:3: 1580 daAuts
     D:8: 1514 daAuts
     D:7: 1312 daAuts
     D:6: 1201 daAuts
     D:3: 1093 daAuts
     D:1: 1016 daAuts
     D:2: 840 daAuts
    D:10: 811 daAuts
     D:4: 807 daAuts
     D:5: 710 daAuts
  Temple: 43 daAuts
